 Dungeon Crawl Stone Soup version 0.20-a0-204-ge9bc5e3 (webtiles) character file.

23671 Dynast the Marksoctopus (level 13, -2/102 HPs)
             Began as an Octopode Hunter on Nov 20, 2016.
             Was an Initiate of Gozag.
             Splashed by an oklob plant's acid (12 damage)
             ... on level 3 of the Lair of Beasts on Nov 24, 2016.
             The game lasted 01:33:37 (20525 turns).

Dynast the Marksoctopus (Octopode Hunter)          Turns: 20525, Time: 01:33:38

Health: -2/102     AC:  4    Str: 11    XL:     13   Next: 8%
Magic:  22/22      EV: 19    Int: 25    God:    Gozag
Gold:   621        SH:  0    Dex: 18    Spells: 12/12 levels left

rFire  . . .     SeeInvis +     b - +3 scimitar (flame)
rCold  + + .     Gourm    .     (no shield)
rNeg   + . .     Faith    .     (helmet restricted)
rPois  +         Spirit   .     B - amulet of regeneration
rElec  .         Reflect  .     P - ring of see invisible
rCorr  .         Harm     .     i - ring of protection from magic
MR     ++++.                    Q - ring of Pailyiki {rN+ MP+9}
Stlth  +++.......               O - +5 ring of evasion
                                I - +1 ring of protection
                                z - ring of protection from cold
                                M - ring "Jet Mau" {rPois rC+ MR+++ Str-5 Int+4}
                                J - ring of the Sturgeon {Int+8 Dex+5}

@: no status effects
A: almost no armour, stealthy swim, amphibious, 8 rings, constrict 8, molten
scales 1, camouflage 1, screaming 1, gelatinous body 1
a: Potion Petition, Call Merchant, Bribe Branch, Renounce Religion


You were on level 3 of the Lair of Beasts.
You worshipped Gozag.
Gozag was pleased with you.
You were full.

You visited 3 branches of the dungeon, and saw 15 of its levels.
You also visited: Trove and Ossuary.

You collected 3002 gold pieces.
You spent 1384 gold pieces at shops.
You paid 997 gold pieces to Gozag.

Inventory:

Hand Weapons
 a - a +4 shortbow
 b - a +3 scimitar of flaming (weapon)
Missiles
 c - 8 arrows
Jewellery
 i - a ring of protection from magic (right tentacle)
 z - a ring of protection from cold (on tentacle)
 B - an amulet of regeneration (around mantle)
 I - a +1 ring of protection (on tentacle)
 J - the ring of the Sturgeon (on tentacle) {Int+8 Dex+5}
   (You found it in a treasure trove)

   [ring of dexterity]

   It affects your intelligence (+8).
   It affects your dexterity (+5).
 L - the ring of Shadows {Umbra +Inv Stlth+}
   (You found it in a treasure trove)

   [ring of stealth]

   It lets you turn invisible.
   It makes you more stealthy.
 M - the ring "Jet Mau" (on tentacle) {rPois rC+ MR+++ Str-5 Int+4}
   (You found it in a treasure trove)

   [ring of intelligence]

   It affects your strength (-5).
   It affects your intelligence (+4).
   It protects you from cold.
   It protects you from poison.
   It affects your resistance to hostile enchantments.
 O - a +5 ring of evasion (on tentacle)
 P - a ring of see invisible (left tentacle)
 Q - the ring of Pailyiki (on tentacle) {rN+ MP+9}
   (You found it in a treasure trove)

   [ring of magical power]

   It protects you from negative energy.
   It affects your magic capacity (+9).
Wands
 h - a wand of teleportation (3/9)
 l - a wand of disintegration (9/24)
 s - a wand of disintegration (6/24)
 t - a wand of teleportation (5/9)
 y - a wand of flame (34/48)
Scrolls
 n - 2 scrolls of amnesia
 o - 2 scrolls of fog
 p - 4 scrolls of remove curse
 r - a scroll of enchant weapon
 w - 3 scrolls of magic mapping
 C - 2 scrolls of teleportation
 G - a scroll of blinking
Potions
 g - 4 potions of brilliance
 k - a potion of cancellation
 m - 2 potions of magic
 q - a potion of haste
 A - a potion of ambrosia
 E - a potion of might
Comestibles
 d - 10 bread rations
 f - 5 meat rations


   Skills:
 + Level 14.8 Fighting
 + Level 15.0 Bows
 - Level 2.0 Dodging
 - Level 1.3 Stealth


You had 12 spell levels left.
You didn't know any spells.

Dungeon Overview and Level Annotations

Branches:
Dungeon (11/15)            Temple (1/1) D:7            Lair (3/6) D:11
  Snake (0/4) Lair:2          Orc (0/2) D:10
  Swamp: Lair:2-4    Shoals: Lair:2-4

Altars:
Ashenzari
Cheibriados
Dithmenos
Elyvilon
Fedhas
Gozag
Hepliaklqana
Makhleb
Nemelex Xobeh
Okawaru
Sif Muna
Trog
Vehumet
Xom
Yredelemnul
The Shining One

Shops:
D:4 (   D:6 !(%(:   D:10 =

Annotations:
Lair:3 exclusion: oklob plant


Innate Abilities, Weirdness & Mutations

You cannot wear most types of armour.
You are very stealthy in the water. (Stealth+)
You are amphibious.
You can wear up to eight rings at the same time.
You can use your tentacles to constrict eight enemies at once.
Your skin changes colour to match your surroundings (Stealth+).
Your rubbery body absorbs attacks. (AC +1, EV +1)
You are partially covered in molten scales. (AC +2)
You occasionally shout uncontrollably at your foes.


Message History

You constrict the oklob plant. The oklob plant spits acid at you.
The splash of acid hits you!
You are splashed with acid!
The acid burns!
You hit the oklob plant. You burn the oklob plant.
You squeeze the oklob plant, but do no damage.
The oklob plant is lightly damaged.
You constrict the oklob plant. The oklob plant spits acid at you.
The splash of acid hits you!
You are splashed with acid!
The acid burns!
The oklob plant spits acid at you. The splash of acid hits you!
You are splashed with acid!
The acid burns!
* * * LOW HITPOINT WARNING * * *
Unknown command.
You release your grip on the oklob plant.
The oklob plant spits acid at you. The splash of acid hits you!
* * * LOW HITPOINT WARNING * * *
You are splashed with acid!
The acid burns!
You die...
Your body crumbles into a pile of gold.

...### ##.#### ##
.....# #..#.# ##P.
....## #...## #...
....## ###....###...
.....##
######............
......#
##...$.............
.....##
##.............#....
.....>#
#......(............
##....##
##P@PP.#.......##P..
###....##
#$$}..#.....###....
##....##
#P.[.$#...### ###.#
##....# #!...(#..##
.# ...."..##
#$)$.(#.## ##
#...##P# #$$$$.#.#
#### ### ######.##
###


You could see an oklob plant.

Vanquished Creatures
  A hydra (Lair:2)
  Harold (Lair:2)
  Erica (D:8)
  3 hill giants
  An ugly thing (D:11)
  A cyclops (D:11)
  2 manticores (D:11)
  4 oklob plants (Lair:3)
  A black mamba (Lair:3)
  A torpor snail (Lair:3)
  The ghost of someotherguy6 the Changer, a novice NaTm of Makhleb (D:4)
  4 spiny frogs
  A rime drake (Lair:2)
  4 komodo dragons
  3 trolls
  4 blink frogs (Lair:3)
  4 hippogriffs
  Sigmund (D:2)
  A wraith (Ossuary)
  31 yaks
  2 hungry ghosts
  A soldier ant (D:11)
  5 water moccasins
  4 porcupines
  2 black bears (D:9)
  5 ice beasts
  An orc warrior (D:11)
  3 sky beasts
  A wolf (Lair:2)
  2 centaurs
  8 ogres
  3 crocodiles
  A big kobold (D:7)
  8 bullfrogs
  A wyvern zombie (D:8)
  A wyvern skeleton (D:10)
  A water moccasin zombie (D:10)
  A water moccasin skeleton (D:8)
  7 wights
  A vampire bat (D:4)
  6 howler monkeys
  5 crimson imps
  2 bullfrog zombies
  3 centaur zombies
  3 iron imps (D:9)
  3 orc priests
  7 orc wizards
  3 jellies
  3 bullfrog skeletons
  5 hounds
  2 iguanas
  5 worker ants
  Ijyb (D:2)
  A hound skeleton (D:4)
  A worker ant zombie (D:8)
  A mummy (Ossuary)
  14 gnolls
  10 adders
  10 shadow imps
  An adder skeleton (D:4)
  3 worms (D:2)
  2 dart slugs
  3 fire bats (D:4)
  4 leopard geckos
  32 orcs
  2 spectral bats (D:4)
  12 bats
  3 bat skeletons (D:4)
  A bat zombie (D:4)
  5 giant cockroaches
  13 goblins
  8 hobgoblins
  13 jackals
  9 quokkas
  A ball python (D:5)
  A bat simulacrum (D:4)
  3 frilled lizards
  7 gnoll skeletons (Ossuary)
  10 kobolds
  6 kobold skeletons (Ossuary)
  2 leopard gecko skeletons (D:4)
  A leopard gecko zombie (D:5)
  12 orc skeletons (Ossuary)
  A quokka skeleton (D:5)
  A quokka zombie (D:6)
  11 rats
  2 plants
382 creatures vanquished.

Vanquished Creatures (collateral kills)
  A cyclops (D:11)
  4 yaks
  A leopard gecko (D:8)
6 creatures vanquished.

Vanquished Creatures (others)
  A water moccasin (Lair:1)
  2 yaks
  A bullfrog skeleton (D:11)
  An adder (D:8)
  2 fungi (Lair:3)
  A plant (Lair:3)
8 creatures vanquished.

Grand Total: 396 creatures vanquished

Notes
Turn   | Place    | Note
-------+----------+-------------------------------------------
     0 | D:1      | Dynast the Octopode Hunter began the quest for the Orb.
     0 | D:1      | Reached XP level 1. HP: 14/14 MP: 1/1
   165 | D:1      | Reached XP level 2. HP: 20/20 MP: 2/2
   582 | D:1      | Reached XP level 3. HP: 17/25 MP: 3/3
   662 | D:2      | Noticed Sigmund
  1050 | D:2      | Noticed Ijyb
  1067 | D:2      | Killed Ijyb
  1067 | D:2      | Reached XP level 4. HP: 29/31 MP: 4/4
  1381 | D:2      | Reached skill level 5 in Bows
  1532 | D:2      | Killed Sigmund
  1532 | D:2      | Reached XP level 5. HP: 19/38 MP: 5/5
  1532 | D:2      | Reached XP level 6. HP: 22/44 MP: 6/6
  1909 | D:3      | Upgraded the game from 0.20-a0-81-g6e69d53 to 0.20-a0-150-g0ef8409
  2496 | D:3      | Reached skill level 6 in Bows
  2972 | D:3      | Reached skill level 5 in Fighting
  3353 | D:4      | Noticed someotherguy6's ghost (novice NaTm)
  3582 | D:4      | Killed someotherguy6's ghost
  3582 | D:4      | Reached skill level 7 in Bows
  3582 | D:4      | Reached XP level 7. HP: 40/52 MP: 7/7
  4358 | D:4      | Reached XP level 8. HP: 56/57 MP: 8/8
  4411 | D:4      | Upgraded the game from 0.20-a0-150-g0ef8409 to 0.20-a0-187-ge5586d949a
  4709 | D:4      | Found Hufyfani's Antique Weapon Shop.
  4819 | D:5      | Entered Level 5 of the Dungeon
  5178 | D:5      | Reached skill level 8 in Bows
  5737 | D:5      | Found a hazy altar of Hepliaklqana.
  5737 | D:5      | Found a white marble altar of Elyvilon.
  5897 | D:6      | Found Uruosmot's Antique Weapon Boutique.
  5898 | D:6      | Found Xuosurew's Distillery.
  5907 | D:6      | Bought a potion of lignification for 30 gold pieces
  5925 | D:6      | Found a sand-covered staircase.
  5934 | Ossuary  | Entered an ossuary
  5934 | Ossuary  | Noticed a wraith
  5934 | Ossuary  | Noticed a wraith
  5934 | Ossuary  | Noticed a wraith
  6092 | Ossuary  | Noticed a wraith
  6109 | Ossuary  | Gained mutation: You tend to lose your temper in combat. [potion of mutation]
  6109 | Ossuary  | Gained mutation: One of your tentacles bears a spike. [potion of mutation]
  6109 | Ossuary  | Gained mutation: You occasionally shout uncontrollably at your foes. [potion of mutation]
  6119 | Ossuary  | Gained mutation: You expend magic power (3 MP) to strengthen your wands. [potion of mutation]
  6119 | Ossuary  | Lost mutation: One of your tentacles bears a spike. [potion of mutation]
  6119 | Ossuary  | Gained mutation: You are covered in fur. (AC +1) [potion of mutation]
  6120 | Ossuary  | Gained mutation: Potions and wands are less effective at restoring your health. [potion of mutation]
  6120 | Ossuary  | Gained mutation: You often lose your temper in combat. [potion of mutation]
  6120 | Ossuary  | Gained mutation: You are agile. (Dex +2) [potion of mutation]
  6146 | Ossuary  | Killed a wraith
  6323 | D:6      | Found a shattered altar of Ashenzari.
  6323 | D:6      | Found a basalt altar of Yredelemnul.
  6373 | D:6      | Found Kojeehon's Food Boutique.
  6391 | D:6      | Found Corghenia's Antique Weapon Shop.
  6427 | D:6      | Found Beves's Book Boutique.
  6542 | D:6      | Reached XP level 9. HP: 44/66 MP: 9/9
  6663 | D:6      | Reached skill level 9 in Bows
  7072 | D:7      | Found a snail-covered altar of Cheibriados.
  7678 | D:7      | Found a staircase to the Ecumenical Temple.
  7684 | Temple   | Entered the Ecumenical Temple
  7730 | Temple   | Became a worshipper of Gozag Ym Sagoz the Greedy
  8003 | D:6      | Bought a potion of cure mutation for 250 gold pieces
  8003 | D:6      | Lost mutation: You often lose your temper in combat. [potion of cure mutation]
  8003 | D:6      | Lost mutation: You are covered in fur. (AC +1) [potion of cure mutation]
  8003 | D:6      | Lost mutation: You tend to lose your temper in combat. [potion of cure mutation]
  8003 | D:6      | Lost mutation: You are agile. (Dex +2) [potion of cure mutation]
  8003 | D:6      | Lost mutation: You expend magic power (3 MP) to strengthen your wands. [potion of cure mutation]
  8003 | D:6      | Lost mutation: Potions and wands are less effective at restoring your health. [potion of cure mutation]
  8261 | D:8      | Noticed Erica
  8875 | D:8      | Reached skill level 10 in Bows
  9323 | D:8      | Killed Erica
  9323 | D:8      | Reached skill level 10 in Fighting
  9323 | D:8      | Reached XP level 10. HP: 76/76 MP: 10/10
  9808 | D:9      | Reached skill level 11 in Bows
 10180 | D:9      | Found a burning altar of Makhleb.
 11099 | D:9      | Gained mutation: You are partially covered in molten scales. (AC +2) [potion of beneficial mutation]
 11174 | D:10     | Entered Level 10 of the Dungeon
 11220 | D:10     | Noticed a hill giant
 11418 | D:10     | Found a staircase to the Orcish Mines.
 11842 | D:10     | Reached skill level 12 in Bows
 11847 | D:10     | Reached XP level 11. HP: 58/84 MP: 11/11
 12054 | D:10     | Noticed a hill giant
 12193 | D:10     | Killed a hill giant
 12292 | D:10     | Killed a hill giant
 12727 | D:11     | Noticed a cyclops
 12750 | D:11     | Killed a cyclops
 13244 | D:11     | Noticed a manticore
 13255 | D:11     | Killed a manticore
 13522 | D:11     | Noticed a hill giant
 13533 | D:11     | Killed a hill giant
 13983 | D:11     | Noticed a cyclops
 14017 | D:11     | Killed a cyclops
 14275 | D:11     | Found a portal to a secret trove of treasure.
 14537 | D:11     | Reached skill level 13 in Bows
 14923 | D:11     | Noticed a green ugly thing
 14939 | D:11     | Noticed a manticore
 14952 | D:11     | Killed a manticore
 15172 | D:11     | Killed a green ugly thing
 15401 | D:11     | Found a staircase to the Lair.
 15673 | Lair:1   | Entered Level 1 of the Lair of Beasts
 15992 | D:10     | Reached XP level 12. HP: 86/94 MP: 10/12
 16087 | D:6      | Bought a Necronomicon for 1104 gold pieces
 16213 | D:11     | You paid a toll of a Necronomicon to enter a treasure trove
 16214 | Trove    | Entered a treasure trove
 16224 | Trove    | Got a wavering golden ring
 16226 | Trove    | Got a smoking ivory ring
 16228 | Trove    | Got a translucent amber ring
 16232 | Trove    | Got a steaming iron ring
 16238 | Trove    | Got a bound lead ring
 16240 | Trove    | Got a smoking tin ring
 16246 | Trove    | Got a wavering steel ring
 16250 | Trove    | Got a transparent silver amulet
 16254 | Trove    | Identified the amulet of Honesty {Harm *Drain Str+7 Int+4 Dex-5} (You found it in a treasure trove)
 16255 | Trove    | Identified the ring "Xuwnayde" {*Corrode +Blink +Fly rN++ MP+9} (You found it in a treasure trove)
 16256 | Trove    | Identified the ring "Forget-Me-Not" {+Fly rPois rC- Dex+2} (You found it in a treasure trove)
 16257 | Trove    | Identified the ring of the Raven {-Tele +Fly Int+2 Dex+4} (You found it in a treasure trove)
 16258 | Trove    | Identified the ring of the Sturgeon {Int+8 Dex+5} (You found it in a treasure trove)
 16259 | Trove    | Identified the ring "Jet Mau" {rPois rC+ MR+++ Str-5 Int+4} (You found it in a treasure trove)
 16260 | Trove    | Identified the ring "Qet Timo" {rPois rC+ Str+3 Dex-5} (You found it in a treasure trove)
 16262 | Trove    | Identified the ring of Pailyiki {rN+ MP+9} (You found it in a treasure trove)
 16860 | Lair:1   | Noticed Harold
 17345 | Lair:1   | Reached skill level 14 in Bows
 17693 | Lair:2   | Killed Harold
 17972 | Lair:2   | Found a staircase to the Snake Pit.
 18262 | Lair:2   | Noticed a seven-headed hydra
 18677 | Lair:2   | Killed a one-headed hydra
 19521 | Lair:3   | Upgraded the game from 0.20-a0-187-ge5586d949a to 0.20-a0-204-ge9bc5e3
 19949 | Lair:3   | Reached XP level 13. HP: 102/102 MP: 13/13
 20192 | Lair:3   | Reached skill level 15 in Bows
 20525 | Lair:3   | Splashed by an oklob plant's acid

Vault maps used:
D:1:      minmay_arrival_wavy_path
D:2:      kennysheep_the_goblin_king, uniq_sigmund
D:4:      cheibrodos_helix_gallery, serial_shops, shop, first_bread,
          goddamned_bats
D:5:      old_standard_altar, overflow_temple_1_default
D:6:      gammafunk_temple_overflow_elements, nicolae_ossuary_entry_plus,
          serial_shops, shop, shop, shop, kennysheep_mini, shop
D:7:      old_standard_altar
D:8:      uniq_erica
D:9:      demons_altar
D:10:     orc_0_dummy
D:11:     lair_entry_dummy, enter_trove_1
Temple:   regret_index_temple_waves
Lair:1:   minivault_26, uniq_harold
Lair:2:   dummy_snake_entry
Lair:3:   grunt_megastairs_5, minmay_lair_oklob_chamber, serial_bayou_shore_b
Trove:    trove_jewel_1
Ossuary:  ossuary_due_mausoleum

Skill      XL: |  1  2  3  4  5  6  7  8  9 10 11 12 13 |
---------------+----------------------------------------+-----
Fighting       | 3 4 6 8 10 11 13 14 | 14.8
Bows           | 5 7 8 10 12 13 14 15 | 15.0
Dodging        | |  2.0
Stealth        | |  1.3

Action                   |  1- 3 |  4- 6 |  7- 9 | 10-12 | 13-15 || total
-------------------------+-------+-------+-------+-------+-------++-------
Melee: Short sword       |    14 |       |       |       |       ||    14
       Constrict         |    12 |    23 |    92 |    44 |     3 ||   174
       Tentacles         |     4 |    18 |    72 |    97 |     8 ||   199
       Dagger            |    40 |    82 |   362 |       |       ||   484
       Whip              |       |       |     3 |       |       ||     3
       Scimitar          |       |       |       |   283 |    14 ||   297
       Shortbow          |       |       |       |     7 |       ||     7
 Fire: Shortbow          |     5 |    65 |   101 |   458 |    89 ||   718
Invok: Potion Petition   |       |       |       |     2 |       ||     2
       Call Merchant     |       |       |       |     1 |       ||     1
 Abil: Evoke Berserk Rag |       |       |     2 |       |       ||     2
Evoke: Wand              |       |       |     4 |    30 |       ||    34
  Use: Scroll            |       |     3 |    13 |    19 |       ||    35
       Potion            |       |       |     8 |     5 |       ||    13
 Stab: Sleeping          |     8 |     6 |    10 |     9 |       ||    33
       Distracted        |       |       |     2 |     2 |       ||     4
  Eat: Chunk             |       |     7 |    24 |       |       ||    31
       Beef jerky        |       |       |     1 |     2 |       ||     3
       Pizza             |       |       |       |     1 |     1 ||     2
       Royal jelly       |       |       |       |     1 |       ||     1
       Fruit             |       |       |       |    18 |       ||    18
       Meat ration       |       |       |       |     2 |     1 ||     3
Armor: Skin              |     4 |     5 |    53 |    37 |       ||    99
Dodge: Dodged            |    15 |    46 |   231 |   303 |     5 ||   600
       Rpst.: Scimitar   |       |       |       |    67 |       ||    67
